 Dungeon Crawl Stone Soup version 0.18.1-50-g88ac8fd (webtiles) character file.

35086 dvd the Nimble (level 13, -3/115 HPs)
             Began as a Troll Monk on Oct 29, 2016.
             Was a High Priest of Ashenzari.
             Slain by a ten-headed hydra (10 damage)
             ... on level 6 of the Lair of Beasts.
             The game lasted 01:03:55 (17044 turns).

dvd the Nimble (Troll Monk)                        Turns: 17044, Time: 01:03:56

Health: -3/115     AC: 14    Str: 27    XL:     13   Next: 45%
Magic:  23/23      EV: 16    Int: 11    God:    Ashenzari [*****.]
Gold:   1278       SH: 15    Dex: 17    Spells: 3 memorised, 9 levels left

rFire  + . .     SeeInvis +     a - +8 mithril axe "Arga" {speed, MR+ Str+2} (curse)
rCold  + . .     Gourm    +     k - +1 robe
rNeg   . . .     Faith    .     U - +0 large shield {rC+} (curse)
rPois  +         Spirit   .     i - +3 hat of Pondering {ponderous, MR+ MP+10 Int+5} (curse)
rElec  +         Dismiss  .     L - +1 cloak {+Inv} (curse)
rCorr  .         Reflect  .     (gloves unavailable)
SustAt +         Harm     .     (boots unavailable)
MR     +++..     Clarity  +     (no amulet)
Stlth  +++.......               o - ring "Vatsiu" {SustAt rElec MR+ Dex-2} (curse)
                                z - ring of fire

@: slow, extremely resistant to hostile enchantments, fairly stealthy
A: unfitting armour, antennae 1, claws 3, talons 1, icy blue scales 1, thin
metallic scales 1, thin skeletal structure 1, agile 1, cold resistance 1, fast
metabolism 3, frail 1, gourmand, poison resistance, regeneration 2, screaming 1,
shaggy fur 1, strong 1, tough skin 2
a: Curse Item, Scrying, Transfer Knowledge, Renounce Religion, Evoke
Invisibility


You were on level 6 of the Lair of Beasts.
You worshipped Ashenzari.
Ashenzari was extremely pleased with you.
You were completely stuffed.

You visited 3 branches of the dungeon, and saw 16 of its levels.
You also visited: Labyrinth and Ice Cave.

You collected 1278 gold pieces.

Inventory:

Hand Weapons
 a - the cursed +8 mithril axe "Arga" (weapon) {speed, MR+ Str+2}
   (You found it on level 4 of the Lair of Beasts)

   Attacks with this weapon are significantly faster.
   It affects your strength (+2).
   It affects your resistance to hostile enchantments.
   It has a curse placed upon it.
 x - a +3 quarterstaff of draining
Missiles
 d - 598 stones
 q - 4 tomahawks of returning (quivered)
 s - 21 tomahawks
Armour
 i - the cursed +3 hat of Pondering (worn) {ponderous, MR+ MP+10 Int+5}
   (You took it off Gastronok on level 8 of the Dungeon)

   It affects your intelligence (+5).
   It affects your resistance to hostile enchantments.
   It affects your magic capacity (+10).
   It has a curse placed upon it.
 k - a +1 robe (worn)
 L - a cursed +1 cloak of invisibility (worn)
 U - a cursed +0 large shield of cold resistance (worn)
 X - a +0 hat of cold resistance
Jewellery
 o - the cursed ring "Vatsiu" (right claw) {SustAt rElec MR+ Dex-2}
   (You took it off a minotaur in a labyrinth)

   [ring of sustain attributes]

   It sustains your strength, intelligence and dexterity.
   It affects your dexterity (-2).
   It insulates you from electricity.
   It affects your resistance to hostile enchantments.
   It has a curse placed upon it.
 r - an uncursed ring of positive energy
 v - a +2 ring of intelligence
 z - a ring of fire (left claw)
 D - an uncursed ring of flight
 E - an uncursed ring of positive energy
Wands
 w - a wand of lightning (8/15)
 A - a wand of paralysis (0/24)
 B - a wand of iceblast (0/15)
 G - a wand of iceblast (4/15)
 P - a wand of flame (32/48)
 Q - a wand of iceblast (12/15)
 R - a wand of flame (36/48)
 T - a wand of flame (25/48)
Scrolls
 e - 4 scrolls of fog
 g - 6 scrolls of teleportation
 j - 2 scrolls of remove curse
 m - 2 scrolls of identify
 F - a scroll of amnesia
 N - 2 scrolls of magic mapping
Potions
 c - a potion of magic
 n - 2 potions of heal wounds
 t - a potion of resistance
 u - 7 potions of curing
 H - 6 potions of flight
 J - 2 potions of agility
 M - a potion of haste
 S - a potion of might
Books
 f - a Grand Grimoire

   Spells                             Type                      Level
   a - Monstrous Menagerie            Summoning                    7
   b - Summon Greater Demon           Summoning                    7
   c - Malign Gateway                 Summoning/Translocation      7
   d - Summon Horrible Things         Summoning                    8
 h - a book of Flames

   Spells                             Type                      Level
   a - Flame Tongue                   Conjuration/Fire             1
   b - Throw Flame                    Conjuration/Fire             2
   c - Conjure Flame                  Conjuration/Fire             3
   d - Inner Flame                    Hexes/Fire                   3
   e - Sticky Flame                   Conjuration/Fire             4
   f - Fireball                       Conjuration/Fire             5
 y - a Fen Folio

   Spells                             Type                      Level
   a - Corpse Rot                     Necromancy                   2
   b - Stone Arrow                    Conjuration/Earth            3
   c - Leda's Liquefaction            Hexes/Earth                  4
   d - Summon Forest                  Summoning/Translocation      5
   e - Hydra Form                     Transmutation                6
   f - Summon Hydra                   Summoning                    7
 K - a book of Geomancy

   Spells                             Type                      Level
   a - Sandblast                      Earth                        1
   b - Passwall                       Transmutation/Earth          2
   c - Stone Arrow                    Conjuration/Earth            3
   d - Petrify                        Transmutation/Earth          4
   e - Lee's Rapid Deconstruction     Earth                        5
 O - a book of Callings

   Spells                             Type                      Level
   a - Summon Small Mammal            Summoning                    1
   b - Call Imp                       Summoning                    2
   c - Call Canine Familiar           Summoning                    3
   d - Summon Guardian Golem          Hexes/Summoning              3
   e - Summon Lightning Spire         Summoning/Air                4
   f - Summon Ice Beast               Ice/Summoning                4
Comestibles
 b - 11 bread rations
 l - 6 meat rations
 p - 3 beef jerkies
 C - 5 slices of pizza
 V - 23 fruits


   Skills:
 + Level 8.7 Fighting
 + Level 4.7(8.6) Axes
 - Level 8.3 Staves
 + Level 4.0 Throwing
 + Level 12.2(14.5) Dodging
 + Level 4.6(7.2) Stealth
 + Level 1.6(3.5) Shields
 + Level 7.0 Unarmed Combat
 + Level 0.8 Spellcasting
 + Level 1.5 Conjurations
 + Level 1.2 Fire Magic
 + Level 1.1 Evocations


You had 9 spell levels left.
You knew the following spells:

 Your Spells              Type           Power        Failure   Level  Hunger
a - Flame Tongue          Conj/Fire      #....        99%         1    ##.....
b - Throw Flame           Conj/Fire      #.....       100%        2    ###....
c - Summon Small Mammal   Summ           #...         100%        1    ##.....


Dungeon Overview and Level Annotations

Branches:
Dungeon (9/15)             Temple (1/1) D:6            Lair (6/8) D:8
  Swamp (0/4) Lair:6       Spider (0/4) Lair:3        Slime (0/6) Lair:6
    Orc: D:9-12

Altars:
Ashenzari
Cheibriados
Dithmenos
Elyvilon
Fedhas
Gozag
Kikubaaqudgha
Makhleb
Nemelex Xobeh
Okawaru
Pakellas
Qazlal
Ru
Sif Muna
Trog
Vehumet
Xom
Yredelemnul
Zin
The Shining One
Jiyva

Annotations:
Lair:6 1 runed door


Innate Abilities, Weirdness & Mutations

You are too large for most types of armour.
You have claws for hands.
Your metabolism is lightning-fast.
You like to eat raw meat.
You heal very quickly.
You are covered in fur (AC +1).
You have very tough skin (AC +2).
You have a pair of small antennae on your head.
You have sharp toenails.
You are partially covered in icy blue scales (AC +1).
You are partially covered in thin metallic scales (AC +2).
You have a somewhat thin skeletal structure (Dex +2, Stealth).
You are agile. (Dex +2)
Your flesh is cold resistant.
You are frail (-10% HP).
Your system is resistant to poisons.
You occasionally shout uncontrollably at your foes.
Your muscles are strong. (Str +2)


Message History

You hit the plant.
The plant is heavily damaged.
The nine-headed hydra misses you.
You block the nine-headed hydra's attack. x2
The nine-headed hydra bites you.
* * * LOW HITPOINT WARNING * * *
You block the nine-headed hydra's attack.
The nine-headed hydra barely misses you.
The nine-headed hydra misses you.
The nine-headed hydra bites you but does no damage.
The nine-headed hydra barely misses you.
You lop one of the nine-headed hydra's heads off!
The eight-headed hydra grows two more!
You slash the ten-headed hydra! You claw the ten-headed hydra.
The ten-headed hydra is almost dead.
You hit the plant but do no damage.
The plant is heavily damaged.
The ten-headed hydra bites you but does no damage.
The ten-headed hydra bites you!
You die...

*####. ##########
#####.#....*##...#..P.##
#.....<...###..#.......#
##..........#...........#
.#.........#...........##
........................#
#.............#........##
.##.........##.#.......##
.###.P#.P###*##D@P...+..#
###....### ###.....### #
#...## ##.#.##P## ♣♣.♣♣*#
#.+.##...## ##♣.≈≈♣≈♣
###.........# ≈♣♣♣§≈≈♣♣
##....†.....##
.≈♣§§≈≈≈♣♣♣♣♣#...........#
.≈≈§§§§≈≈♣♣..............##
(≈≈§§§≈≈≈♣.............÷..#


You could see a ten-headed hydra.

Vanquished Creatures
  Gastronok (D:8)
  A frost giant (IceCv)
  A minotaur (Lab)
  3 hydras
  Harold (Lair:2)
  2 tengu warriors
  A hill giant (D:9)
  An oklob plant (D:8)
  Joseph (D:8)
  An ice statue (IceCv)
  4 black mambas
  5 spiny frogs
  3 rime drakes
  7 komodo dragons
  A troll (D:9)
  14 polar bears (IceCv)
  15 blink frogs
  2 redbacks (Lair:3)
  Sigmund (D:3)
  A human (D:7)
  28 yaks
  3 hippogriffs
  2 vampire mosquitoes (Lair:6)
  A wyvern (Lair:2)
  Grum (D:8)
  8 water moccasins
  7 orc warriors
  8 porcupines
  2 ice beasts
  4 sky beasts
  2 necrophages
  2 phantoms
  3 ogres
  18 wolves
  3 centaurs
  9 big kobolds
  6 crocodiles
  8 giant frogs
  A scorpion (D:5)
  8 wights
  A howler monkey (D:5)
  4 electric eels
  7 crimson imps
  A jelly (D:9)
  5 hounds
  5 orc priests
  11 iguanas
  4 hell rats (Lair:6)
  13 orc wizards
  4 worker ants
  4 sheep (D:7)
  A howler monkey zombie (D:8)
  A worker ant zombie (D:6)
  A howler monkey skeleton (D:8)
  11 adders
  7 gnolls
  51 river rats
  2 adder skeletons
  2 worms (D:2)
  3 dart slugs
  5 giant geckos
  27 orcs
  6 bats
  6 giant cockroaches
  5 goblins
  10 hobgoblins
  10 jackals
  3 quokkas
  A giant gecko skeleton (D:4)
  2 giant newts
  2 jackal skeletons
  56 kobolds
  5 rats
  2 fungi
  A plant (Lair:5)
469 creatures vanquished.

Vanquished Creatures (others)
  5 fungi
  8 plants
13 creatures vanquished.

Grand Total: 482 creatures vanquished

Notes
Turn   | Place    | Note
--------------------------------------------------------------
     0 | D:1      | dvd the Troll Monk began the quest for the Orb.
     0 | D:1      | Reached XP level 1. HP: 22/22 MP: 0/0
   311 | D:1      | Reached XP level 2. HP: 27/29 MP: 1/1
   797 | D:2      | Reached XP level 3. HP: 36/36 MP: 2/2
   817 | D:2      | Reached skill level 3 in Dodging
  1167 | D:2      | Reached XP level 4. HP: 44/44 MP: 3/3
  1393 | D:2      | Reached skill level 5 in Unarmed Combat
  1750 | D:3      | Reached XP level 5. HP: 48/53 MP: 4/4
  1885 | D:3      | Noticed Sigmund
  1895 | D:3      | Killed Sigmund
  1895 | D:3      | Reached skill level 1 in Throwing
  1895 | D:3      | Reached XP level 6. HP: 36/61 MP: 5/5
  1904 | D:3      | Found a deep blue altar of Sif Muna.
  2143 | D:3      | Found a glowing golden altar of the Shining One.
  3258 | D:5      | Entered Level 5 of the Dungeon
  3341 | D:5      | Reached skill level 4 in Dodging
  3366 | D:5      | Reached XP level 7. HP: 39/67 MP: 6/6
  3470 | D:5      | Found a stormy altar of Qazlal.
  3742 | D:5      | Found a snail-covered altar of Cheibriados.
  4074 | D:6      | Found a staircase to the Ecumenical Temple.
  4086 | Temple   | Entered the Ecumenical Temple
  4097 | Temple   | Reached skill level 5 in Dodging
  4108 | Temple   | Became a worshipper of Ashenzari the Shackled
  4108 | Temple   | Reached * piety under Ashenzari
  4108 | Temple   | Reached ** piety under Ashenzari
  4212 | D:6      | Reached XP level 8. HP: 42/78 MP: 7/7
  4407 | D:6      | Found a basalt altar of Yredelemnul.
  4426 | D:6      | Found a white marble altar of Elyvilon.
  4633 | D:6      | Found an iron altar of Okawaru.
  4831 | D:6      | Gained mutation: You are frail (-10% HP). [potion of mutation]
  4831 | D:6      | Gained mutation: You occasionally shout uncontrollably at your foes. [potion of mutation]
  4831 | D:6      | Gained mutation: You have sharp toenails. [potion of mutation]
  4832 | D:6      | Gained mutation: Your system is resistant to poisons. [potion of mutation]
  4832 | D:6      | Gained mutation: You have a somewhat thin skeletal structure (Dex +2, Stealth). [potion of mutation]
  4833 | D:6      | Gained mutation: You are partially covered in thin metallic scales (AC +2). [potion of mutation]
  4833 | D:6      | Gained mutation: You are agile. (Dex +2) [potion of mutation]
  4953 | D:6      | Reached skill level 1 in Staves
  5197 | D:5      | Reached skill level 6 in Dodging
  5536 | D:6      | Reached XP level 9. HP: 74/76 MP: 8/8
  5689 | D:6      | Reached skill level 5 in Fighting
  5720 | D:6      | Reached skill level 7 in Dodging
  6833 | D:8      | Noticed Grum
  6868 | D:8      | HP: 3/79 [Grum/spear (12)]
  6995 | D:8      | Killed Grum
  6998 | D:8      | Reached skill level 8 in Dodging
  7108 | D:8      | Noticed Gastronok
  7157 | D:8      | Reached XP level 10. HP: 86/86 MP: 9/9
  7244 | D:8      | Learned a level 1 spell: Flame Tongue
  7458 | D:8      | Noticed Joseph
  7486 | D:8      | Killed Joseph
  7654 | D:8      | Killed Gastronok
  7654 | D:8      | Reached skill level 5 in Staves
  7654 | D:8      | Reached skill level 9 in Dodging
  7710 | D:8      | Found a staircase to the Lair.
  7764 | D:8      | Found a burning altar of Makhleb.
  7764 | D:8      | Noticed an oklob plant
  7910 | D:8      | HP: 4/88 [acid (14)]
  8385 | D:9      | Noticed a hill giant
  8393 | D:9      | Killed a hill giant
  8637 | D:9      | Found an oddly glowing altar of Pakellas.
  8699 | D:9      | Noticed a tengu warrior
  8700 | D:9      | Noticed a tengu warrior
  8730 | D:8      | Reached XP level 11. HP: 58/96 MP: 10/10
  8969 | D:8      | Killed a tengu warrior
  9099 | D:9      | Killed a tengu warrior
  9275 | D:9      | Reached *** piety under Ashenzari
  9277 | D:9      | Found a bloodstained altar of Trog.
  9647 | D:9      | Reached skill level 10 in Dodging
  9653 | D:9      | Gained mutation: You are partially covered in icy blue scales (AC +1). [mutagenic meat]
  9874 | D:8      | Killed an oklob plant
  9941 | Lair:1   | Entered Level 1 of the Lair of Beasts
 10021 | Lair:1   | Found a labyrinth entrance.
 10040 | Lab      | Entered a labyrinth
 10237 | Lab      | Noticed a minotaur
 10254 | Lab      | Killed a minotaur
 10254 | Lab      | Identified the ring "Vatsiu" {SustAt rElec MR+ Dex-2} (You took it off a minotaur in a labyrinth)
 10274 | Lab      | Learned a level 2 spell: Throw Flame
 10374 | Lair:1   | Gained mutation: Your flesh is cold resistant. [potion of mutation]
 10798 | Lair:1   | Reached **** piety under Ashenzari
 10865 | Lair:1   | Noticed a four-headed hydra
 10902 | Lair:1   | Killed a four-headed hydra
 11528 | Lair:2   | Reached XP level 12. HP: 90/106 MP: 11/11
 11558 | Lair:2   | Reached skill level 1 in Conjurations
 11614 | Lair:2   | Reached skill level 1 in Fire Magic
 11724 | Lair:2   | Gained mutation: You have a pair of small antennae on your head. [potion of beneficial mutation]
 11782 | Lair:2   | Noticed Harold
 11802 | Lair:2   | Killed Harold
 12371 | Lair:3   | Reached skill level 11 in Dodging
 12460 | Lair:3   | Reached ***** piety under Ashenzari
 12469 | Lair:3   | Found a hole to the Spider Nest.
 12821 | Lair:3   | Learned a level 1 spell: Summon Small Mammal
 12859 | Lair:3   | Identified the +3 ring mail "Leta" {rElec rC++}
 13776 | Lair:4   | Noticed a six-headed hydra
 13782 | Lair:4   | Killed a six-headed hydra
 14517 | Lair:5   | Reached skill level 1 in Axes
 14550 | Lair:5   | Found a frozen archway.
 14569 | IceCv    | Entered an ice cave
 14771 | IceCv    | Gained mutation: Your muscles are strong. (Str +2) [potion of beneficial mutation]
 15109 | IceCv    | Reached XP level 13. HP: 111/114 MP: 13/13
 15216 | IceCv    | Noticed a frost giant
 15237 | IceCv    | Killed a frost giant
 15237 | IceCv    | Reached skill level 12 in Dodging
 15389 | IceCv    | Identified the +0 great sword of Honour {slice, rPois Str+7 Int+4 Dex-5}
 16499 | Lair:6   | Reached skill level 1 in Evocations
 16612 | Lair:6   | Found a staircase to the Swamp.
 16695 | Lair:6   | Reached skill level 1 in Shields
 16707 | Lair:6   | Found a runed door.
 16709 | Lair:6   | Found a viscous altar of Jiyva.
 16710 | Lair:6   | Noticed an acid blob
 16713 | Lair:6   | Found a staircase to the Slime Pits.
 17044 | Lair:6   | Slain by a ten-headed hydra

Skill      XL: |  1  2  3  4  5  6  7  8  9 10 11 12 13 |
---------------+----------------------------------------+-----
Dodging        | 3 4 5 6 8 9 10 11 12 | 12.2
Unarmed Combat | 5 6 7 |  7.0
Fighting       | 3 4 5 6 7 8 |  8.7
Throwing       | 1 2 3 4 |  4.0
Stealth        | 2 3 4 |  4.6
Staves         | 2 4 5 7 8 |  8.3
Conjurations   | 1 |  1.5
Fire Magic     | 1 |  1.2
Axes           | 2 4 |  4.7
Evocations     | 1 |  1.1
Shields        | 1 |  1.6
Spellcasting   | |  0.8

Action                   |  1- 3 |  4- 6 |  7- 9 | 10-12 | 13-15 || total
-------------------------+-------+-------+-------+-------+-------++-------
Melee: Unarmed           |    66 |   140 |    84 |       |       ||   290
       Punch             |       |     5 |     4 |     5 |     5 ||    19
       Quarterstaff      |       |       |   374 |   912 |       ||  1286
       Kick              |       |       |   121 |   416 |    80 ||   617
       Broad axe         |       |       |       |    92 |   171 ||   263
 Fire: Hunting sling     |       |    14 |       |       |       ||    14
Throw: Tomahawk          |     3 |    14 |    22 |    22 |       ||    61
       Stone             |       |     1 |     9 |       |       ||    10
 Cast: Throw Flame       |       |       |       |    15 |       ||    15
       Flame Tongue      |       |       |       |     8 |       ||     8
Invok: Curse Item        |       |       |     2 |     4 |     1 ||     7
 Abil: Evoke Flight      |       |       |     1 |       |       ||     1
Evoke: Wand              |       |       |     3 |     1 |    15 ||    19
  Use: Scroll            |       |     2 |     8 |     8 |     7 ||    25
       Potion            |       |       |    12 |    12 |       ||    24
 Stab: Sleeping          |     3 |     1 |     4 |    14 |     5 ||    27
       Invisible         |       |       |       |     3 |       ||     3
       Distracted        |       |       |       |     2 |       ||     2
       Paralysed         |       |       |       |       |     3 ||     3
  Eat: Chunk             |    11 |    25 |    36 |    70 |    19 ||   161
       Pizza             |       |       |       |     4 |       ||     4
       Bread ration      |       |       |       |     1 |       ||     1
       Royal jelly       |       |       |       |     1 |       ||     1
Armor: Robe              |    22 |    50 |   167 |   218 |    50 ||   507
Dodge: Dodged            |    32 |    73 |   389 |   782 |   174 ||  1450
Block: Large shield      |       |       |       |       |   117 ||   117
